 Dungeon Crawl Stone Soup version 0.29.1-1-gd02db6906a (webtiles) character file.

Game seed: 16323177962039353344

65825 groovy9 the Tortoise (level 14, -6/129 HPs)
             Began as a Minotaur Fighter on Sept 29, 2022.
             Was an Initiate of Yredelemnul.
             Killed from afar by a starcursed mass (19 damage)
             ... with an accursed screaming
             ... while paralysed by accursed screaming
             ... on level 1 of the Abyss.
             The game lasted 01:08:42 (21782 turns).

groovy9 the Tortoise (Minotaur Fighter)            Turns: 21782, Time: 01:08:42

Health: -6/129     AC: 19    Str: 34      XL:     14   Next: 76%
Magic:  23/23      EV:  2    Int:  6      God:    Yredelemnul [......]
Gold:   1921       SH:  0    Dex:  9 (10) Spells: 13/13 levels left

rFire   . . .      SeeInvis +   h - +5 spear of Incongruity {spect, rElec Str+2 Int-4}
rCold   . . .      Faith    +   K - +0 kite shield
rNeg    . . .      Spirit   .   y - +0 plate armour
rPois   .          Reflect  .   f - +4 hat of Moral Flaws {Int+5 Stlth+}
rElec   +          Harm     .   (no cloak)
rCorr   .          Rampage  .   o - +0 pair of gloves
Will    +....      Rage     9%  U - +0 pair of boots
Stlth   ..........              n - amulet of faith
HPRegen 0.31/turn               B - +6 ring of strength
MPRegen 0.18/turn               N - ring of see invisible

@: confused, paralysed, mighty, about to teleport, ambrosia-drunk, hasted,
studying Maces & Flails
A: horns 2, retaliatory headbutt, [berserk 2], [deformed body], [deterioration
2], ([teleportitis 2])
a: Renounce Religion, Recall Undead Harvest


You were on level 1 of the Abyss.
You worshipped Yredelemnul.
Yredelemnul was pleased with you.
You visited 3 branches of the dungeon, and saw 19 of its levels.
You visited the Abyss 1 time.
You also visited: Sewer, Ossuary and Bailey.

You collected 1921 gold pieces.

Inventory:

Hand Weapons
 h - the +5 spear of Incongruity (weapon) {spect, rElec Str+2 Int-4}
   (You took it off a goblin on level 4 of the Dungeon)

   When its wielder attacks, the weapon's spirit leaps out and strikes again.
   The spirit shares a part of any damage it takes with its wielder.
   Str:       It affects your strength (+2).
   Int:       It affects your intelligence (-4).
   rElec:     It insulates you from electricity.
 k - a +2 war axe of electrocution
Missiles
 m - a throwing net (quivered)
Armour
 f - the +4 hat of Moral Flaws (worn) {Int+5 Stlth+}
   (You acquired it in a bailey)

   Int:       It affects your intelligence (+5).
   Stlth:     It makes you more stealthy.
 o - a +0 pair of gloves (worn)
 y - a +0 plate armour (worn)
 K - a +0 kite shield (worn)
 U - a +0 pair of boots (worn)
Jewellery
 n - an amulet of faith (around neck)
 v - a ring of flight
 w - a ring of positive energy
 B - a +6 ring of strength (left hand)
 N - a ring of see invisible (right hand)
 R - a ring of protection from fire
 V - a ring of resist corrosion
Wands
 b - a wand of charming (6)
 d - a wand of light (12)
 t - a wand of digging (1)
 u - a wand of flame (23)
 M - a wand of roots (3)
 Y - a wand of polymorph (8)
Scrolls
 g - 3 scrolls of blinking
 j - 8 scrolls of enchant weapon
 q - 4 scrolls of enchant armour
 r - 6 scrolls of immolation
 s - 6 scrolls of teleportation
 x - 4 scrolls of vulnerability
 D - 5 scrolls of fog
 I - 5 scrolls of summoning
 J - 4 scrolls of identify
 O - a scroll of poison
 P - 2 scrolls of brand weapon
 Q - a scroll of magic mapping
Potions
 a - a potion of resistance
 e - 4 potions of brilliance
 l - 5 potions of haste
 p - 3 potions of ambrosia
 z - 2 potions of might
 A - 4 potions of lignification
 C - 3 potions of mutation
 E - 2 potions of berserk rage
 F - a potion of cancellation
 G - 7 potions of flight
 H - 2 potions of invisibility
 T - 5 potions of attraction
 X - a potion of magic
Miscellaneous
 W - a condenser vane


   Skills:
 - Level 13.3 Fighting
 - Level 10.8(12.9) Axes
 - Level 11.4(13.2) Polearms
 - Level 16.1 Armour
 + Level 8.8 Shields
 - Level 14.5 Invocations


You had 13 spell levels left.
You didn't know any spells.
Your spell library contained the following spells:

 Spells                   Type           Power      Damage    Failure   Level
 Foxfire                  Conj/Fire      0%         2x1d4     99%         1
 Shock                    Conj/Air       0%         1d3       99%         1
 Slow                     Hex            0%         N/A       99%         1
 Summon Small Mammal      Summ           0%         N/A       99%         1
 Poisonous Vapours        Pois/Air       0%         N/A       100%        2
 Scorch                   Fire           0%         2d5       100%        2
 Confusing Touch          Hex            0%         N/A       100%        3
 Vampiric Draining        Necr           0%         2d6       100%        3
 Corpse Rot               Necr/Pois/Air  0%         N/A       100%        4
 Flame Wave               Conj/Fire      0%         2d4       100%        4
 Fulminant Prism          Conj/Hex       0%         3d6       100%        4
 Iskenderun's Mystic Bla  Conj/Tloc      0%         2d3       100%        4
 Borgnjor's Vile Clutch   Necr/Erth      0%         N/A       100%        5
 Lee's Rapid Deconstruct  Erth           0%         3d5*      100%        5
 Summon Cactus Giant      Summ           0%         N/A       100%        6
 Animate Dead             Necr           Unusable   N/A       N/A         4
 Death Channel            Necr           Unusable   N/A       N/A         6

Dungeon Overview and Level Annotations

Branches:
Dungeon (12/15)            Temple (0/1) D:6            Lair (5/5) D:8
 Shoals (0/4) Lair:2       Spider (0/4) Lair:3        Slime (0/5) Lair:5
    Orc (2/2) D:12          Sewer (visited)         Ossuary (visited)
 Bailey (visited)
    Elf: Orc:2

Altars:
Ashenzari
Cheibriados
Dithmenos
Gozag
Hepliaklqana
Ru
Sif Muna
Uskayaw
Vehumet
Yredelemnul
Zin
The Shining One
Jiyva

Shops:
D:6 *   Orc:2 =

Portals:
Trove: D:12 (give +3 fire dragon scales)

Annotations:
D:5 gzilladon's ghost, amateur HOMo
D:7 exclusion: statue
Orc:2 Sonja


Innate Abilities, Weirdness & Mutations

You have a pair of horns on your head.
You reflexively headbutt those who attack you in melee.
[You have an uncontrollable temper.]
[Armour fits poorly on your strangely shaped body.]
[Your body often deteriorates upon taking damage.]
[((You are often teleported next to monsters.))]


Message History

A starcursed mass splits.
You puncture the large abomination!
The large abomination is almost destroyed.
Your +5 spear of Incongruity {spect, rElec Str+2 Int-4} barely misses the large abomination.
A starcursed mass splits.
The large abomination barely misses you.
You puncture the large abomination!
You destroy the large abomination!
The wretched star pulses with an eldritch light!
Your body twists and deforms.
You feel yourself wasting away.
You feel your body start to fall apart.
As you read the scroll of teleportation, it crumbles to dust.
You feel strangely unstable.
You feel the power of the Abyss delaying your translocation!
A starcursed mass splits. x3
The wretched star glows turbulently.
You block the lance of force. The starcursed mass barely misses you.
You furiously retaliate!
You headbutt the starcursed mass.
The starcursed mass shudders and is absorbed by its neighbour.
The wretched star glows turbulently.
The lance of force hits you!!
* * * LOW HITPOINT WARNING * * *
You are knocked back by the lance of force.
You slam into the rock wall!
* * * LOW HITPOINT WARNING * * *
You are confused.
You feel invigorated.
A cacophony of accursed wailing tears at your sanity!
* * * LOW HITPOINT WARNING * * *
A cacophony of accursed wailing tears at your sanity!
* * * LOW HITPOINT WARNING * * *
Your body deteriorates!
You feel clumsy.
You suddenly lose the ability to move!
A starcursed mass splits.
The wretched star pulses with an eldritch light!
You feel weirdly uncertain.
You feel even more weirdly uncertain.
The starcursed mass touches you but does no damage.
A cacophony of accursed wailing tears at your sanity!
You die...
Your body rises from the dead as a mindless zombie.

.... .... ...# ..##
....#. #......
########.......
###.#..XX@.......
#........X.....#. .. #
#...X#.X......###..
.#.#......*.......#. *
......##XXX#............
#...#.X..........
#................
##.##...#......#.# ~~
#.........##.


You could see 9 starcursed masses and a wretched star.

Vanquished Creatures
  Nessos (Lair:4)
  A fire dragon (Lair:5)
  2 hydras
  Erica (Lair:1)
  2 two-headed ogres (D:10)
  7 death yaks (Lair:5)
  An anaconda zombie (Abyss:1)
  A spriggan simulacrum (Abyss:1)
  Pikel (D:9)
  A lindwurm (Lair:5)
  An orc sorcerer (Bailey)
  A manticore (D:10)
  5 black mambas
  17 elephants
  3 torpor snails
  9 cane toads
  2 gargoyles (D:12)
  2 molten gargoyles (Lair:5)
  2 smoke demons (Abyss:1)
  A centaur skeleton (Abyss:1)
  An orange demon (Lair:1)
  A kobold demonologist (Bailey)
  5 komodo dragons
  2 hellwings (Abyss:1)
  An ancient zyme (Abyss:1)
  4 trolls
  2 raiju (Abyss:1)
  19 blink frogs
  3 dream sheep (Lair:3)
  3 slime creatures (D:12)
  6 flying skulls (Abyss:1)
  A vampire (D:10)
  2 shadows
  4 wraiths
  A wyvern (Lair:5)
  22 yaks
  A basilisk (Lair:5)
  4 large abominations (Abyss:1)
  A warg (Orc:2)
  3 hell hounds (Lair:5)
  4 acid dragons
  7 water moccasins
  20 orc warriors
  An ice beast (D:7)
  2 black bears (D:6)
  7 ogres
  10 wolves
  2 centaurs
  A lemure (D:9)
  3 kobold brigands
  9 bullfrogs
  3 necrophages
  3 scorpions
  A gnoll sergeant (D:10)
  3 small abominations (Abyss:1)
  3 water moccasin zombies (Ossuary)
  3 wights (D:8)
  8 howler monkeys
  4 electric eels
  3 hounds
  7 orc priests
  3 gnoll boudas
  4 iguanas
  26 orc wizards
  4 hell rats
  A bullfrog simulacrum (D:5)
  A centaur simulacrum (D:5)
  2 mummies (Ossuary)
  18 adders
  18 gnolls
  8 river rats (Lair:5)
  5 white imps
  A howler monkey simulacrum (D:5)
  4 ufetubi
  2 adder zombies (Ossuary)
  83 orcs
  5 ball pythons
  12 endoplasms
  10 giant cockroaches
  16 goblins
  9 hobgoblins
  4 jackals (D:1)
  25 kobolds
  17 quokkas
  3 bats
  11 frilled lizards
  4 gnoll zombies (Ossuary)
  8 hobgoblin zombies (Ossuary)
  A kobold zombie (Ossuary)
  7 orc zombies (Ossuary)
  4 rats
567 creatures vanquished.

Vanquished Creatures (collateral kills)
  2 hydras
  5 death yaks (Lair:5)
  Amaemon (Lair:1)
  2 orc sorcerers
  4 black mambas
  5 elephants
  Maurice (Orc:2)
  A torpor snail (Lair:2)
  A gargoyle (D:11)
  A rime drake (Lair:4)
  2 cane toads (Lair:5)
  8 blink frogs
  A raiju (Abyss:1)
  3 dream sheep (Lair:3)
  2 slime creatures (D:12)
  A culicivora (Lair:3)
  2 wyverns (Lair:5)
  A shadow (D:12)
  17 yaks
  4 basilisks
  2 water moccasins
  A two-headed ogre zombie (D:10)
  A hell hound (Lair:5)
  6 orc warriors
  4 wolves
  6 bullfrogs
  2 lava snakes (Lair:5)
  A hound (D:5)
  An orc wizard (Orc:2)
  2 hell rats
  An acid dragon zombie (D:10)
  A howler monkey zombie (D:10)
  A gnoll (D:9)
  3 river rats (Lair:5)
  A white imp (D:6)
  4 orc zombies (D:10)
  10 orcs
  2 ball pythons (Sewer)
  2 endoplasms (Sewer)
  A giant cockroach (Sewer)
  3 gnoll zombies (D:10)
  A goblin (Bailey)
  5 quokkas
  A bat (D:8)
  8 frilled lizards
134 creatures vanquished.

Vanquished Creatures (others)
  A spectral hydra (Lair:4)
  2 death yak zombies (Lair:5)
  A hydra zombie (Lair:4)
  A spectral komodo dragon (D:12)
  4 black mamba zombies (Lair:5)
  A spectral orange demon (Lair:1)
  3 cane toad zombies (Lair:5)
  2 spectral smoke demons (Abyss:1)
  5 elephant zombies
  7 blink frog zombies
  2 dream sheep zombies (Lair:3)
  2 hell hound zombies (Lair:5)
  A water moccasin zombie (Lair:1)
  4 yak zombies
  5 wolf zombies
  7 bullfrog zombies
  An orc wizard (D:5)
  An ogre zombie (D:4)
  2 howler monkey zombies
  8 gnoll zombies
  3 adder zombies
  2 river rat zombies (Lair:5)
  3 ball python zombies (Sewer)
  An endoplasm zombie (D:4)
  3 frilled lizard zombies (Sewer)
  A giant cockroach zombie (Sewer)
  5 goblin zombies (Bailey)
  A hobgoblin zombie (Bailey)
  5 kobold zombies
  39 orc zombies
  4 quokka zombies
  A rat zombie (Lair:5)
  2 spectral ufetubi (D:6)
  49 fungi
  85 plants
264 creatures vanquished.

Grand Total: 965 creatures vanquished

Notes
Turn   | Place    | Note
-------+----------+-------------------------------------------
     0 | D:1      | groovy9 the Minotaur Fighter began the quest for the Orb.
     0 | D:1      | Reached XP level 1. HP: 19/19 MP: 0/0
    71 | D:1      | Found a faded altar of an unknown god.
   248 | D:1      | Reached XP level 2. HP: 26/26 MP: 1/1
   991 | D:2      | Reached XP level 3. HP: 31/31 MP: 2/2
  1189 | D:2      | Reached skill level 5 in Axes
  1292 | D:2      | Reached XP level 4. HP: 36/39 MP: 3/3
  1319 | D:2      | Found a basalt altar of Yredelemnul.
  1334 | D:2      | Became a worshipper of Yredelemnul the Dark
  2283 | D:3      | Found a glowing drain.
  2293 | Sewer    | Entered a sewer
  2361 | Sewer    | Reached * piety under Yredelemnul
  2415 | Sewer    | Reached ** piety under Yredelemnul
  2430 | Sewer    | Reached XP level 5. HP: 41/45 MP: 4/4
  2486 | Sewer    | Reached *** piety under Yredelemnul
  2714 | D:3      | Found a basalt altar of Yredelemnul.
  2793 | D:3      | Reached XP level 6. HP: 51/51 MP: 5/5
  3051 | D:3      | Found an opulent altar of Gozag.
  3081 | D:3      | Found a glowing silver altar of Zin.
  3168 | D:4      | Reached XP level 7. HP: 21/57 MP: 6/6
  3461 | D:4      | Reached skill level 10 in Axes
  3884 | D:4      | Found a hazy altar of Hepliaklqana.
  3952 | D:4      | Identified the +5 spear of Incongruity {spect, rElec Str+2
                  | Int-4}
  4238 | D:5      | Entered Level 5 of the Dungeon
  4409 | D:5      | Reached skill level 1 in Polearms
  4438 | D:5      | Reached XP level 8. HP: 64/64 MP: 7/7
  4452 | D:5      | Found a glowing golden altar of the Shining One.
  4570 | D:5      | Reached skill level 5 in Polearms
  4571 | D:5      | Found a runed translucent gate.
  4571 | D:5      | Found a runed translucent gate.
  4577 | D:5      | Found a runed translucent gate.
  4586 | D:5      | Noticed gzilladon's ghost (amateur HOMo)
  5321 | D:6      | Found a hide-covered altar of Uskayaw.
  5456 | D:6      | Found a broken altar of Ashenzari.
  5951 | D:6      | Found Imesch's Assorted Antiques.
  6236 | D:6      | Reached XP level 9. HP: 69/70 MP: 8/8
  6285 | D:6      | Found a staircase to the Ecumenical Temple.
  6530 | D:7      | Reached skill level 10 in Polearms
  6672 | D:7      | Found a shadowy altar of Dithmenos.
  6975 | D:7      | Reached **** piety under Yredelemnul
  7459 | D:7      | Reached ***** piety under Yredelemnul
  7460 | D:7      | Found a radiant altar of Vehumet.
  7894 | D:8      | Reached skill level 5 in Fighting
  8018 | D:8      | Found a sand-covered staircase.
  8028 | Ossuary  | Entered an ossuary
  8307 | D:8      | Found a flagged portal.
  8318 | Bailey   | Entered a bailey
  8575 | Bailey   | Reached XP level 10. HP: 88/88 MP: 9/9
  8643 | Bailey   | Acquired the +4 hat of Moral Flaws {Int+5 Stlth+}
  8837 | Bailey   | Found an iron altar of Okawaru.
  8837 | Bailey   | Noticed an orc sorcerer
  8844 | Bailey   | Killed an orc sorcerer
  9092 | D:8      | Reached skill level 10 in Fighting
  9403 | D:8      | Found a sacrificial altar of Ru.
  9451 | D:8      | Found a staircase to the Lair.
  9784 | Lair:1   | Entered Level 1 of the Lair of Beasts
  9819 | Lair:1   | Noticed a cane toad
  9824 | Lair:1   | Killed a cane toad
  9845 | Lair:1   | Noticed an elephant
  9855 | Lair:1   | Killed an elephant
  9919 | Lair:1   | Noticed an elephant
  9919 | Lair:1   | Noticed an elephant
  9927 | Lair:1   | Killed an elephant
  9938 | Lair:1   | Killed an elephant
 10035 | Lair:1   | Noticed an orange demon
 10036 | Lair:1   | Noticed Amaemon
 10046 | Lair:1   | Killed Amaemon
 10050 | Lair:1   | Killed an orange demon
 10111 | Lair:1   | Reached skill level 1 in Invocations
 10111 | Lair:1   | Reached XP level 11. HP: 99/107 MP: 10/10
 10570 | Lair:1   | Reached ****** piety under Yredelemnul
 10700 | Lair:1   | Noticed Erica
 10712 | Lair:1   | Killed Erica
 10713 | Lair:1   | Reached skill level 5 in Invocations
 11381 | Lair:2   | Found a staircase to the Shoals.
 11773 | Lair:2   | Found a snail-covered altar of Cheibriados.
 11826 | Lair:2   | Reached skill level 10 in Invocations
 11960 | Lair:3   | Reached XP level 12. HP: 112/115 MP: 18/18
 12211 | Lair:3   | Noticed a four-headed hydra
 12229 | Lair:3   | Killed a four-headed hydra
 12577 | Lair:3   | Noticed a four-headed hydra
 12590 | Lair:3   | Killed a four-headed hydra
 12689 | Lair:3   | Noticed an eight-headed hydra
 12698 | Lair:3   | Killed an eight-headed hydra
 12698 | Lair:3   | Enslaved an eight-headed hydra
 12912 | Lair:3   | Found a hole to the Spider Nest.
 13181 | Lair:4   | Reached skill level 4 in Armour
 13206 | Lair:4   | Noticed a five-headed hydra
 13206 | Lair:4   | Noticed Nessos
 13221 | Lair:4   | Killed a five-headed hydra
 13222 | Lair:4   | Reached skill level 5 in Armour
 13237 | Lair:4   | Killed Nessos
 13238 | Lair:4   | Reached skill level 6 in Armour
 13541 | Lair:4   | Reached skill level 7 in Armour
 13843 | Lair:5   | Entered Level 5 of the Lair of Beasts
 13850 | Lair:5   | Reached XP level 13. HP: 109/122 MP: 22/22
 13864 | Lair:5   | Reached skill level 8 in Armour
 14066 | Lair:5   | Reached skill level 9 in Armour
 14083 | Lair:5   | Reached skill level 10 in Armour
 14227 | Lair:5   | Reached skill level 11 in Armour
 14709 | Lair:5   | Reached skill level 12 in Armour
 15091 | Lair:5   | Reached skill level 13 in Armour
 15184 | Lair:5   | Found a viscous altar of Jiyva.
 15185 | Lair:5   | Found a staircase to the Slime Pits.
 15240 | Lair:5   | Reached skill level 14 in Armour
 15665 | Lair:5   | Reached XP level 14. HP: 93/129 MP: 23/23
 15675 | Lair:5   | Reached skill level 15 in Armour
 15797 | Lair:5   | Found a large runed translucent door.
 15797 | Lair:5   | Found a large runed translucent door.
 16373 | D:9      | Noticed Pikel
 16400 | D:9      | Killed Pikel
 16799 | D:9      | Found the +5 robe of Misfortune {Harm *Corrode *Slow EV+5}
 16884 | D:9      | Reached skill level 16 in Armour
 17459 | D:10     | Entered Level 10 of the Dungeon
 18468 | D:10     | You fall into a shaft and drop 2 floors!
 18617 | D:12     | Found a staircase to the Orcish Mines.
 18840 | D:12     | Found a portal to a secret trove of treasure.
 18966 | D:12     | Found a shimmering blue altar of Sif Muna.
 20028 | Orc:1    | Entered Level 1 of the Orcish Mines
 20469 | Orc:1    | Got A Tutorial on Thaumaturgy
 20620 | Orc:2    | Entered Level 2 of the Orcish Mines
 20776 | Orc:2    | Reached skill level 5 in Shields
 20830 | Orc:2    | Found Diymar's Jewellery Boutique.
 21005 | Orc:2    | Noticed Maurice
 21006 | Orc:2    | Noticed Sonja
 21013 | Orc:2    | Killed Maurice
 21023 | Abyss:1  | Cast into level 1 of the Abyss (Sonja)
 21369 | Abyss:1  | Found a corrupted altar of Lugonu.
 21525 | Abyss:1  | Noticed a tentacled starspawn
 21598 | Abyss:1  | Found a corrupted altar of Lugonu.
 21764 | Abyss:1  | Noticed a starcursed mass
 21781 | Abyss:1  | Paralysed by accursed screaming for 2 turns
 21782 | Abyss:1  | Killed from afar by a starcursed mass

Illustrated notes

Levels and vault maps discovered:
D:1:      saegor_arrival_simple_d, layout_basic,
          shapermc_ecumenical_altar_totnotflames
D:2:      layout_basic, basic_altar, hangedman_decor_peaks_small,
          minmay_box_of_dots
D:3:      layout_rooms, pdpol_temple_overflow_zin_treasury_gozag_greed,
          pf_just_have_faith, portal_sewer_entry_f
D:4:      layout_rooms, mainiacjoe_overflow_alcove_1,
          nicolae_kite_square_tiling_tiny
D:5:      layout_basic, mainiacjoe_overflow_small_starburst,
          gammafunk_ghost_icy, serial_park_tiny_1, interstate_on_off
D:6:      minmay_bubble_buster, layout_basic, amcnicky_altar_gilded,
          nicolae_uskayaw_dance_studio, minmay_temple_entry_grid, serial_shops,
          nicolae_shop_crystal, serial_bayou_lagoon_a, grunt_ministairs_10
D:7:      layout_loops_corners, vehumet_statue, lemuel_round_altar
D:8:      layout_loops_ring, nicolae_ru_great_annihilating_truth,
          lair_entry_dummy, lightli_ossuary_entry_decrepit_ruins, enter_bailey_2
D:9:      layout_roguey, ebering_dispersal_statue_hall, minmay_misc_feat_five,
          minivault_4, uniq_pikel
D:10:     layout_roguey
D:11:     layout_small_grid, eino_tiny_chamber
D:12:     layout_roguey, david_orc_2, enter_trove_0, led_sif_book
Lair:1:   layout_gridlike, minivault_27, uniq_erica, uniq_amaemon
Lair:2:   layout_chaotic_city, shoals_dummy_entry, kennysheep_snail_temple
Lair:3:   layout_loops_ring, hellmonk_spider_entry_life_and_decay,
          chequers_serial_rivers_micro_a, minmay_stone_trees_small, st_stairs_12
Lair:4:   statuecave_lemuel, layout_misc_corridors, uniq_nessos
Lair:5:   cheibrodos_lair_end_hotspot, layout_regular_city, slime_entry_1,
          kennysheep_rathole
Orc:1:    layout_diamond_mine, basic_altar, mines4_lemuel
Orc:2:    st_orc_pillars, layout_diamond_mine, basic_altar, serial_shops,
          nicolae_shop_statue_plus, minmay_shop_mass, uniq_maurice, uniq_sonja
Abyss:1:  base: D:4, base:
Lair:1

Skill      XL: |  1  2  3  4  5  6  7  8  9 10 11 12 13 14 |
---------------+-------------------------------------------+-----
Axes           | 3 4 5 6 7 9 10 | 10.8
Polearms       | 3 9 11 | 11.4
Fighting       | 8 13 | 13.3
Invocations    | 1 10 13 14 | 14.5
Armour         | 7 14 16 | 16.1
Shields        | 8 |  8.8

Action                   |  1- 3 |  4- 6 |  7- 9 | 10-12 | 13-15 || total
-------------------------+-------+-------+-------+-------+-------++-------
Melee: War axe           |    82 |   170 |    49 |       |       ||   301
       Headbutt          |     8 |    16 |    34 |    51 |   104 ||   213
       Spear             |       |       |   277 |   331 |   689 ||  1297
Throw: Throwing net      |       |       |       |     2 |       ||     2
Invok: Recall Undead Har |       |     1 |     7 |     1 |     8 ||    17
       Dark Bargain      |       |       |       |     5 |    11 ||    16
       Bind Soul         |       |       |       |     1 |     2 ||     3
  Use: Scroll            |       |     5 |    13 |     5 |     2 ||    25
       Potion            |       |       |     8 |     6 |    11 ||    25
 Stab: Distracted        |       |     1 |     1 |    10 |    20 ||    32
       Paralysed         |       |       |       |     1 |       ||     1
Armor: Scale mail        |    43 |    75 |    49 |    52 |    38 ||   257
       Skin              |       |       |       |     6 |    15 ||    21
       Plate armour      |       |       |       |       |    96 ||    96
Dodge: Dodged            |    34 |    70 |    34 |    46 |    88 ||   272
Block: Buckler           |    17 |    36 |    20 |    23 |    20 ||   116
       Kite shield       |       |       |       |       |    61 ||    61
